 Dungeon Crawl Stone Soup version 0.30-a0-719-gcc4359ea44 (webtiles) character file.

Game seed: 12246603946265975514

5297 M4edhros the Fighter (level 10, -2/73 HPs)
             Began as an Octopode Chaos Knight on Jan 26, 2023.
             Was a Follower of Zin.
             Killed from afar by a deep elf pyromancer (22 damage)
             ... with a bolt of fire
             ... on level 8 of the Dungeon.
             The game lasted 00:20:18 (11649 turns).

M4edhros the Fighter (Octopode Chaos Knight)       Turns: 11649, Time: 00:20:19

Health: -2/73      AC: 10    Str: 34      XL:     10   Next: 63%
Magic:  16/16      EV: 23    Int: 26      God:    Zin [*.....]
Gold:   34         SH:  5    Dex: 18 (19) Spells: 9/9 levels left

rFire   . . .      SeeInvis .    r - +5 mace of Doom {freeze, *Rage Str+3 Int+5}
rCold   . . .      Faith    .    (no shield)
rNeg    . . .      Spirit   .    (helmet restricted)
rPois   +          Reflect  +    h - amulet of reflection
rElec   +          Harm     .    g - +6 ring of strength
rCorr   .          Rampage  .    t - +5 ring of evasion
Will    .....      Rage     20%  u - +4 ring of protection
Stlth   +++                      y - ring of Music {*Corrode rPois rC- Str+8 Int+3}
HPRegen 0.32/turn                (no ring)
MPRegen 0.15/turn                (no ring)
                                 (no ring)
                                 (no ring)

@: corroded, on berserk cooldown, slowed, unable to read, very slow
A: almost no armour, amphibious, 8 rings, camouflage 1, gelatinous body 1,
(nimble swimmer 1), tentacles, antennae 1, iridescent scales 3, agile 2, clever
2, high MP 1, shaggy fur 3, electricity resistance, strong 2, wild magic 1,
inability to read after injury 1
a: Renounce Religion, Recite, Donate Gold


You were on level 8 of the Dungeon.
You worshipped Zin.
Zin was aware of your devotion.
You visited 2 branches of the dungeon, and saw 9 of its levels.

You collected 322 gold pieces.
You spent 255 gold pieces at shops.
You donated 33 gold pieces to Zin.

Inventory:

Hand Weapons
 r - the +5 mace of Doom (weapon) {freeze, *Rage Str+3 Int+5}
   (You found it on level 2 of the Dungeon)

   Str:       It affects your strength (+3).
   Int:       It affects your intelligence (+5).
   *Rage:     It berserks you when you make melee attacks (+20% chance).
Missiles
 a - 3 poisoned darts
 z - 4 curare-tipped darts
Jewellery
 g - a +6 ring of strength (left tentacle)
 h - an amulet of reflection (around mantle)
 n - an amulet of faith
 t - a +5 ring of evasion (right tentacle)
 u - a +4 ring of protection (on tentacle)
 y - the ring of Music (on tentacle) {*Corrode rPois rC- Str+8 Int+3}
   (You found it on level 7 of the Dungeon)

   [ring of poison resistance]

   Str:       It affects your strength (+8).
   Int:       It affects your intelligence (+3).
   rC:        It makes you vulnerable to cold.
   rPois:     It protects you from poison.
   *Corrode:  It may corrode you when you take damage.
Wands
 B - a wand of digging (6)
 G - a wand of mindburst (7)
Scrolls
 c - 4 scrolls of immolation {unknown}
 f - 2 scrolls of teleportation
 j - 4 scrolls of fog
 l - 2 scrolls of vulnerability
 m - 3 scrolls of enchant armour
 q - 2 scrolls of amnesia
 w - 4 scrolls of identify
 x - a scroll of noise {unknown}
 A - 2 scrolls of enchant weapon {unknown}
 C - a scroll of poison {unknown}
 F - a scroll of magic mapping
Potions
 d - 2 potions of flight {unknown}
 e - 2 potions of haste {unknown}
 i - a potion of mutation {unknown}
 k - 2 potions of brilliance
 o - a potion of magic {unknown}
 p - 4 potions of heal wounds
 s - 4 potions of cancellation {unknown}
 v - 5 potions of curing
 D - a potion of might {unknown}
 E - a potion of resistance {unknown}
Miscellaneous
 b - a piece from Xom's chessboard (15/15) (quivered)


   Skills:
 + Level 8.8 Fighting
 * Level 6.3 Maces & Flails
 - Level 5.5 Polearms
 + Level 8.6 Dodging
 * Level 6.9 Invocations


You had 9 spell levels left.
You didn't know any spells.
Your spell library contained the following spells:

 Spells                   Type           Power      Damage    Failure   Level
 Blink                    Tloc           0%         N/A       26%         2
 Dazzling Flash           Conj/Hex       0%         N/A       45%         3
 Iskenderun's Mystic Bla  Conj/Tloc      0%         2d3       83%         4
 Manifold Assault         Tloc           0%         N/A       83%         4
 Starburst                Conj/Fire      0%         6d3       100%        6
 Storm Form               Tmut/Air       0%         N/A       100%        7


Dungeon Overview and Level Annotations

Branches:
Dungeon (8/15)             Temple (1/1) D:7
   Lair: D:8-11

Altars:
Ashenzari
Cheibriados
Dithmenos
Elyvilon
Fedhas
Gozag
Hepliaklqana
Kikubaaqudgha
Makhleb
Nemelex Xobeh
Okawaru
Qazlal
Ru
Sif Muna
Trog
Uskayaw
Vehumet
Wu Jian
Xom
Zin

Shops:
D:1 (   D:5 [   D:6 *   D:7 !


Innate Abilities, Weirdness & Mutations

You cannot wear most types of armour.
You are amphibious.
You can wear up to eight rings at the same time.
Your skin changes colour to match your surroundings (Stealth+).
Your rubbery body absorbs attacks. (AC +1, EV +1)
((You are camouflaged when in or above water. (Stealth+)))
You have tentacles for arms and can constrict up to eight enemies at once.
You have a pair of small antennae on your head.
You are completely covered in iridescent scales. (AC +6)
You are very agile. (Dex +8, Str/Int -2)
Your mind is very acute. (Int +8, Str/Dex -2)
You have an increased reservoir of magic. (+10% MP)
Your thick and shaggy fur keeps you warm. (AC +3, rC+)
You are resistant to electric shocks. (rElec)
Your muscles are very strong. (Str +8, Int/Dex -2)
Your spells are a little harder to cast, but a little more powerful.
You occasionally lose the ability to read scrolls when taking damage.


Message History

No target in view!
You feel a strong urge to attack something.
You are no longer berserk.
You are exhausted.
You feel yourself slow down.
A deep elf pyromancer is nearby!
The deep elf pyromancer mumbles some strange words.
The deep elf pyromancer blinks!
You hit the deep elf pyromancer. You freeze the deep elf pyromancer.
Your grab misses the deep elf pyromancer.
The deep elf pyromancer is lightly wounded.
The deep elf pyromancer misses you.
The deep elf pyromancer points at you and mumbles some strange words.
The bolt of fire hits you!!
Your corrosive artefact corrodes you!
You hit the deep elf pyromancer. You freeze the deep elf pyromancer.
Your grab misses the deep elf pyromancer.
The deep elf pyromancer is lightly wounded.
The deep elf pyromancer hits you but does no damage.
You thump the deep elf pyromancer! You freeze the deep elf pyromancer.
You grab the deep elf pyromancer.
The deep elf pyromancer is heavily wounded.
You constrict the deep elf pyromancer.
The deep elf pyromancer points at you and mumbles some strange words.
The bolt of fire hits you!!
* * * LOW HITPOINT WARNING * * *
The deep elf pyromancer casts a spell.
The deep elf pyromancer struggles to blink free from constriction.
Aiming: Mindburst
Press: ? - help, Shift-Dir - straight line, f - deep elf pyromancer
Aim: a deep elf pyromancer, wielding a +0 short sword and wearing a +0 chain mail (heavily wounded, constricted by you, chance to affect: 47%)
Okay, then.
You sock the deep elf pyromancer! You freeze the deep elf pyromancer.
The deep elf pyromancer is severely wounded.
You constrict the deep elf pyromancer!
The deep elf pyromancer mumbles some strange words.
The deep elf pyromancer blinks free!
The deep elf pyromancer casts a spell at you.
The bolt of fire hits you!!
You feel threatened and lose the ability to read scrolls!
You die...

.........# #.................# #.
.....#######.................###.
.................................
......##############..........##.
.......##################......+.
........#..............##....###.
......#..........e.....##......<.
.<....##...............##.....#.#
......#........§@########.....#.#
...............#.# .########
.....##........#.# .. #####
#..........# #....#####.# #......
#[†.# . #.#####. #......
......... .........


You could see a deep elf pyromancer.

Vanquished Creatures
  A two-headed ogre (D:7)
  A boulder beetle (D:7)
  A manticore (D:7)
  A gargoyle (D:7)
  A wyvern (D:7)
  A steam dragon (D:8)
  Eustachio (D:4)
  3 water moccasins
  3 sky beasts (D:7)
  2 orc warriors
  A black bear (shapeshifter) (D:4)
  A black bear (D:4)
  2 ice beasts (D:6)
  2 ogres
  A phantom (D:4)
  2 centaurs (D:6)
  A kobold brigand (D:6)
  3 bullfrogs (D:7)
  A gnoll sergeant (D:7)
  3 scorpions
  A wight (D:7)
  Dowan (D:4)
  5 killer bees (D:8)
  3 howler monkeys
  6 hounds
  A jelly (D:8)
  An orc priest (D:4)
  Crazy Yiuf (D:4)
  An iguana (D:4)
  4 orc wizards
  5 gnolls (D:7)
  11 adders
  2 shadow imps (D:7)
  2 white imps
  An ufetubus (D:7)
  3 dart slugs
  23 orcs
  12 ball pythons
  6 bats
  4 endoplasms
  7 goblins
  5 hobgoblins
  3 quokkas
  3 frilled lizards
  11 kobolds
  3 rats
157 creatures vanquished.

Vanquished Creatures (others)
  A ball python (D:2)
1 creature vanquished.

Grand Total: 158 creatures vanquished

Notes
Turn   | Place    | Note
-------+----------+-------------------------------------------
     0 | D:1      | M4edhros the Octopode Chaos Knight began the quest for the
                  | Orb.
     0 | D:1      | Reached XP level 1. HP: 16/16 MP: 1/1
   114 | D:1      | Found Yrez's Weapon Emporium.
   117 | D:1      | Reached XP level 2. HP: 20/21 MP: 2/2
   219 | D:1      | XOM: silly message
   462 | D:2      | Reached XP level 3. HP: 22/26 MP: 3/3
   509 | D:2      | XOM: 1-stop teleportation journey
   633 | D:2      | Reached XP level 4. HP: 31/31 MP: 4/4
   660 | D:2      | Reached skill level 5 in Polearms
   794 | D:2      | Identified the +5 mace of Doom {freeze, *Rage Str+3 Int+5}
  1434 | D:3      | Reached XP level 5. HP: 36/36 MP: 5/5
  1470 | D:3      | XOM: silly message
  1813 | D:2      | XOM: noise
  2060 | D:2      | XOM: cloud trail
  2467 | D:2      | XOM: scenery: 1 doors open, 1 doors close
  2500 | D:2      | XOM: cloud trail
  2893 | D:2      | XOM is BORED!
  2893 | D:2      | XOM: give mutations
  2893 | D:2      | Gained mutation: You are covered in fur. (AC +1) [Xom's
                  | mischief]
  2893 | D:2      | Gained mutation: You are dopey. (Int -2) [Xom's mischief]
  2893 | D:2      | Gained mutation: You occasionally lose the ability to read
                  | scrolls when taking damage. [Xom's mischief]
  2893 | D:2      | Gained mutation: You are clumsy. (Dex -2) [Xom's mischief]
  3218 | D:2      | XOM: stat loss: -1 Dex (10/11)
  3620 | D:2      | XOM: divination: detect creatures
  3637 | D:2      | XOM: give mutations
  3637 | D:2      | Lost mutation: You are clumsy. (Dex -2) [Xom's grace]
  3637 | D:2      | Lost mutation: You are dopey. (Int -2) [Xom's grace]
  3637 | D:2      | Gained mutation: Your muscles are strong. (Str +4, Int/Dex
                  | -1) [Xom's grace]
  3637 | D:2      | Gained mutation: You expend magic power (3 MP) to
                  | strengthen your wands. [Xom's grace]
  3747 | D:2      | XOM: scenery: 1 doors open, 1 doors close
  3803 | D:2      | XOM: scenery: 1 doors open, 1 doors close
  4012 | D:2      | XOM: give mutations
  4012 | D:2      | Gained mutation: You are resistant to electric shocks.
                  | (rElec) [Xom's grace]
  4012 | D:2      | Gained mutation: Your muscles are very strong. (Str +8,
                  | Int/Dex -2) [Xom's grace]
  4414 | D:2      | XOM: give mutations
  4414 | D:2      | Gained mutation: You are agile. (Dex +4, Str/Int -1) [Xom's
                  | grace]
  4414 | D:2      | Gained mutation: You have a pair of small antennae on your
                  | head. [Xom's grace]
  4414 | D:2      | Gained mutation: You are very agile. (Dex +8, Str/Int -2)
                  | [Xom's grace]
  4414 | D:2      | Gained mutation: You have an increased reservoir of magic.
                  | (+10% MP) [Xom's grace]
  4879 | D:2      | XOM: give mutation
  4879 | D:2      | Gained mutation: You are partially covered in iridescent
                  | scales. (AC +2) [Xom's grace]
  5172 | D:2      | XOM: scenery: 1 doors open, 1 doors close
  5257 | D:2      | XOM: give mutations
  5257 | D:2      | Gained mutation: Your mind is acute. (Int +4, Str/Dex -1)
                  | [Xom's grace]
  5257 | D:2      | Gained mutation: You are covered in thick fur. (AC +2)
                  | [Xom's grace]
  5257 | D:2      | Gained mutation: You are mostly covered in iridescent
                  | scales. (AC +4) [Xom's grace]
  5269 | D:2      | XOM: give mutations
  5269 | D:2      | Gained mutation: Your spells are a little harder to cast,
                  | but a little more powerful. [Xom's grace]
  5269 | D:2      | Gained mutation: Your flesh is cold resistant. (rC+) [Xom's
                  | grace]
  5269 | D:2      | Gained mutation: Your mind is very acute. (Int +8, Str/Dex
                  | -2) [Xom's grace]
  5315 | D:2      | XOM: god gift: scroll labelled EPRAUDGH RIHO {god gift}
  5822 | D:2      | XOM: noise
  6812 | D:2      | XOM: give mutations
  6812 | D:2      | Gained mutation: Your thick and shaggy fur keeps you warm.
                  | (AC +3, rC+) [Xom's grace]
  6812 | D:2      | Gained mutation: Your spells are harder to cast, but more
                  | powerful. [Xom's grace]
  6812 | D:2      | Gained mutation: You are somewhat resistant to further
                  | mutation. [Xom's grace]
  6812 | D:2      | Gained mutation: You are completely covered in iridescent
                  | scales. (AC +6) [Xom's grace]
  6967 | D:4      | Noticed Duvessa
  6967 | D:4      | Noticed Dowan
  7063 | D:4      | Noticed a phantom
  7074 | D:4      | Killed a phantom
  7075 | D:4      | Reached XP level 6. HP: 43/43 MP: 6/6
  7211 | D:5      | Entered Level 5 of the Dungeon
  7271 | D:4      | XOM: 1-stop teleportation journey
  7273 | D:4      | XOM: enchant monster (bad)
  7292 | D:4      | Noticed a water moccasin
  7301 | D:4      | Killed a water moccasin
  7302 | D:4      | Reached XP level 7. HP: 49/49 MP: 7/7
  7306 | D:4      | Noticed Eustachio
  7314 | D:4      | XOM: enchant monster (good)
  7321 | D:4      | Killed Eustachio
  7322 | D:4      | Reached skill level 5 in Fighting
  7356 | D:4      | XOM: 1-stop teleportation journey
  7360 | D:4      | XOM: blink monster(s)
  7363 | D:4      | Reached skill level 5 in Dodging
  7531 | D:4      | Found a runed translucent door.
  7532 | D:4      | Noticed Crazy Yiuf
  7623 | D:4      | XOM: give mutation
  7623 | D:4      | Lost mutation: You are somewhat resistant to further
                  | mutation. [Xom's mischief]
  7676 | D:4      | XOM: summons 4 hostile demons
  7678 | D:4      | Duvessa changed into Duvessa the shapeshifter
  7678 | D:4      | Noticed Duvessa (shapeshifter)
  7678 | D:4      | XOM: polymorph Duvessa -> Duvessa the shapeshifter
  7678 | D:4      | Duvessa the shapeshifter changed into Duvessa the black
                  | bear
  7680 | D:4      | XOM: destruction
  7726 | D:4      | Noticed Duvessa
  7730 | D:4      | Duvessa the golden eye changed into Duvessa the sky beast
  7734 | D:4      | XOM: scenery: summon butterflies
  7738 | D:4      | Killed Dowan
  7806 | D:4      | XOM: 3-stop teleportation journey
  8058 | D:4      | Killed Crazy Yiuf
  8246 | D:5      | Found Ronaor's Antique Armour Emporium.
  8260 | D:6      | Found Qeffivve's Assorted Antiques.
  8275 | D:6      | Reached XP level 8. HP: 57/57 MP: 8/8
  8288 | D:6      | XOM: smoke on damage
  8296 | D:6      | XOM: 2-stop teleportation journey
  8361 | D:6      | Found a blossoming altar of Fedhas.
  8458 | D:6      | Bought a white potion for 20 gold pieces
  8458 | D:6      | Bought a worn glass wand for 92 gold pieces
  8516 | D:6      | XOM: noise
  8592 | D:6      | XOM: potion effect (haste)
  9236 | D:7      | Found a staircase to the Ecumenical Temple.
  9249 | D:7      | XOM: silly message
  9268 | Temple   | Entered the Ecumenical Temple
  9328 | Temple   | Fell from the grace of Xom
  9328 | Temple   | Became a worshipper of Zin the Law-Giver
  9328 | Temple   | Reached * piety under Zin
  9778 | D:5      | Reached skill level 1 in Invocations
 10045 | D:5      | Identified the +1 robe "Lefoan" {+Inv rElec rCorr}
 10111 | D:5      | Reached skill level 1 in Maces & Flails
 10255 | D:7      | Found an ancient bone altar of Kikubaaqudgha.
 10359 | D:7      | Reached XP level 9. HP: 64/64 MP: 9/11
 10437 | D:7      | Identified the +2 cloak of Conscience {Regen+}
 10471 | D:7      | Found Jetum's Distillery.
 10474 | D:7      | Bought a potion of heal wounds for 65 gold pieces
 10474 | D:7      | Bought 2 potions of curing for 78 gold pieces
 10558 | D:7      | Identified the ring of Music {*Corrode rPois rC- Str+8
                  | Int+3}
 10652 | D:7      | XOM: give mutations
 10652 | D:7      | Lost mutation: Your spells are harder to cast, but more
                  | powerful. [Xom's mischief]
 10652 | D:7      | Lost mutation: You expend magic power (3 MP) to strengthen
                  | your wands. [Xom's mischief]
 10652 | D:7      | Lost mutation: Your flesh is cold resistant. (rC+) [Xom's
                  | mischief]
 10653 | D:7      | Donated 12 gold pieces to Zin
 10898 | D:7      | Noticed a gargoyle
 10899 | D:7      | Noticed a manticore
 10907 | D:7      | Killed a gargoyle
 11130 | D:7      | Noticed a boulder beetle
 11130 | D:7      | Noticed a two-headed ogre
 11146 | D:7      | Killed a two-headed ogre
 11147 | D:7      | Reached skill level 5 in Maces & Flails
 11147 | D:7      | Reached skill level 5 in Invocations
 11147 | D:7      | Reached XP level 10. HP: 46/72 MP: 13/15
 11153 | D:7      | HP: 7/163 [boulder beetle (16)]
 11158 | D:7      | Killed a boulder beetle
 11300 | D:7      | XOM: stat loss: -3 Dex (16/19)
 11429 | D:7      | Killed a manticore
 11626 | D:8      | Noticed a deep elf pyromancer
 11649 | D:8      | Killed from afar by a deep elf pyromancer

Illustrated notes

Levels and vault maps discovered:
D:1:      denvon_arrival_planthouse, layout_rooms, serial_shops,
          nicolae_shop_bloodbath_and_beyond
D:2:      layout_basic, minmay_snake_closets
D:3:      layout_rooms, minmay_misc_feat_hallway
D:4:      layout_layer_cave, uniq_crazy_yiuf_cottage, uniq_duvessa,
          uniq_eustachio
D:5:      layout_basic, serial_shops, nicolae_shop_behind_doors,
          chequers_serial_rivers_large_a
D:6:      layout_cave_pods, fedhas_altar_fruit_tree, serial_shops,
          nicolae_shop_statue_plus
D:7:      nzn_winding_woodlands_medium [nzn_winding_woodlands_hourglass,
          nzn_winding_woodlands_5x15_crooked,
          nzn_winding_woodlands_5x5_open_star,
          nzn_winding_woodlands_5x5_perimeter,
          nzn_winding_woodlands_center_lodge,
          nzn_winding_woodlands_5x5_checkerboard,
          nzn_winding_woodlands_5x5_default,
          nzn_winding_woodlands_5x15_split_checker,
          nzn_winding_woodlands_5x5_three], layout_loops_cross,
          mainiacjoe_overflow_catwalk, minmay_temple_entry_grid, serial_shops,
          nicolae_shop_window_shopping
D:8:      layout_basic
Temple:   mainiacjoe_temple_coin_purse

Skill      XL: |  1  2  3  4  5  6  7  8  9 10 |
---------------+-------------------------------+-----
Polearms       | 4 5 |  5.5
Dodging        | 3 4 5 7 8 |  8.6
Fighting       | 4 6 7 8 |  8.8
Invocations    | 1 5 6 |  6.9
Maces & Flails | 1 5 6 |  6.3

Action                     |  1- 3 |  4- 6 |  7- 9 | 10-12 || total
---------------------------+-------+-------+-------+-------++-------
  Melee: Spear             |    65 |    87 |    51 |       ||   203
         Constrict         |    16 |    15 |    36 |     7 ||    74
         Tentacles         |     9 |    19 |    30 |    11 ||    69
         Punch             |       |     1 |       |       ||     1
         Quarterstaff      |       |       |    65 |       ||    65
         Mace              |       |       |    78 |    45 ||   123
 Invoke: Donate Gold       |       |       |     1 |       ||     1
  Evoke: Piece from Xom's  |       |     2 |     2 |       ||     4
         Wand              |       |       |     4 |       ||     4
    Use: Scroll            |       |     7 |     3 |       ||    10
         Potion            |       |       |     1 |       ||     1
   Stab: Sleeping          |    12 |     5 |     8 |       ||    25
         Confused          |       |     1 |       |       ||     1
         Petrified         |       |     3 |       |       ||     3
         Petrifying        |       |     1 |       |       ||     1
         Betrayed ally     |       |       |     1 |       ||     1
         Distracted        |       |       |       |     1 ||     1
 Armour: Skin              |     2 |     8 |    54 |    17 ||    81
  Dodge: Dodged            |    36 |    29 |   147 |    47 ||   259
  Block: Other             |       |       |    47 |     8 ||    55
         Reflection        |       |       |     7 |       ||     7

Table legend: (Time is in decaauts)
 A = Elapsed time spent in this place.
 B = Non-inter-level travel time spent in this place.
 C = Inter-level travel time spent in this place.
 D = Time resting spent in this place.
 E = Time spent auto-exploring this place.
 F = Levels seen in this place.
 G = Mean time per level.
                   A        B        C        D        E       F      G
               +--------+--------+--------+--------+--------+-----+--------+
         Total |  11717 |  11218 |    499 |   5523 |   4325 |   9 | 1301.9 |
       Dungeon |  11573 |  11090 |    483 |   5523 |   4260 |   8 | 1446.6 |
        Temple |    144 |    128 |     16 |      0 |     65 |   1 |  144.0 |
               +--------+--------+--------+--------+--------+-----+--------+

Top non-repeatable levels by time:
     D:2: 6054 daAuts
     D:7: 1438 daAuts
     D:4: 1187 daAuts
     D:6: 987 daAuts
     D:5: 905 daAuts
     D:3: 442 daAuts
     D:1: 428 daAuts
  Temple: 144 daAuts
     D:8: 128 daAuts
